PAA
LANCASTER FARMERS @ LITTLE CAESARS HOT N READYS
08/30/2027
 
TOP OF THE 1ST
Lancaster Farmers batting - Pitching for Little Caesars Hot N Readys : RHP Leif Mayer
Pitching: RHP Leif Mayer
Batting: RHB José Alcalá 0-0: Foul Ball, location: 2F
0-1: Foul Ball, location: 2F
0-2: Fly out, F9 (Flyball, 9)
Batting: RHB Zelmar Barajas 0-0: Ball
1-0: Called Strike
1-1: Foul Ball, location: 2F
1-2: Fly out, F8 (Flyball, 8RM)
Batting: SHB Alfredo Sánchez 0-0: Ground out 6-3 (Groundball, 6)
Top of the 1st over - 0 run(s), 0 hit(s), 0 error(s), 0 left on base; Lancaster 0 - Little Caesars 0
BOTTOM OF THE 1ST
Little Caesars Hot N Readys batting - Pitching for Lancaster Farmers : LHP Sergio Zamora
Pitching: LHP Sergio Zamora
Batting: RHB George St. Clair 0-0: Ball
1-0: Foul Ball, location: 2F
1-1: SINGLE (Flyball, 8LS)
Batting: RHB Trevor Holmes 0-0: Ball
1-0: SINGLE (Line Drive, 56)
George St. Clair to second
Batting: RHB Ramiro Gonzáles 0-0: Called Strike
0-1: Foul Ball, location: 2F
0-2: Foul Ball, location: 2F
0-2: Ball
1-2: Strikes out swinging
Batting: RHB Noe Grohman 0-0: Ball
1-0: Called Strike
1-1: Called Strike
1-2: Foul Ball, location: 2F
1-2: Grounds into double play, 6-4-3 (Groundball, 6)
Bottom of the 1st over - 0 run(s), 2 hit(s), 0 error(s), 1 left on base; Lancaster 0 - Little Caesars 0
TOP OF THE 2ND
Lancaster Farmers batting - Pitching for Little Caesars Hot N Readys : RHP Leif Mayer
Batting: LHB Gilberto Jiménez 0-0: Swinging Strike
0-1: Swinging Strike
0-2: Strikes out swinging
Batting: RHB António Gonzáles 0-0: Fly out, F7 (Flyball, 7S)
Batting: RHB Roberto Camacho 0-0: Ball
1-0: Ball
2-0: Called Strike
2-1: Foul Ball, location: 2F
2-2: Strikes out swinging
Top of the 2nd over - 0 run(s), 0 hit(s), 0 error(s), 0 left on base; Lancaster 0 - Little Caesars 0
BOTTOM OF THE 2ND
Little Caesars Hot N Readys batting - Pitching for Lancaster Farmers : LHP Sergio Zamora
Batting: LHB Greg Scroggins 0-0: Swinging Strike
0-1: Fly out, F8 (Flyball, 8LM)
Batting: SHB Bernard Gauthier 0-0: Foul Ball, location: 2F
0-1: Ball
1-1: Ball
2-1: Foul Ball, location: 2F
2-2: Fly out, F3 (Popup, 3S)
Batting: RHB Júlio Morín 0-0: SINGLE (Groundball, 6MD)
Batting: RHB Amos Bies 0-0: Ball
1-0: Ball
2-0: Foul Ball, location: 2F
2-1: Ball
3-1: Foul Ball, location: 2F
3-2: Base on Balls
Júlio Morín to second
Batting: RHB Levi Tess 0-0: Ball
1-0: Foul Ball, location: 2F
1-1: Fielders Choice at 2nd, U6 (Groundball, 6M)
Bottom of the 2nd over - 0 run(s), 1 hit(s), 0 error(s), 2 left on base; Lancaster 0 - Little Caesars 0
TOP OF THE 3RD
Lancaster Farmers batting - Pitching for Little Caesars Hot N Readys : RHP Leif Mayer
Batting: SHB Janghyun Sam 0-0: Called Strike
0-1: Swinging Strike
0-2: Strikes out swinging
Batting: SHB Sven Spee 0-0: Swinging Strike
0-1: Ground out 5-3 (Groundball, 56S)
Batting: LHB Mark Armstead 0-0: Called Strike
0-1: Foul Ball, location: 2F
0-2: Fly out, F8 (Flyball, 8LM)
Top of the 3rd over - 0 run(s), 0 hit(s), 0 error(s), 0 left on base; Lancaster 0 - Little Caesars 0
BOTTOM OF THE 3RD
Little Caesars Hot N Readys batting - Pitching for Lancaster Farmers : LHP Sergio Zamora
Batting: RHB George St. Clair 0-0: Ball
1-0: Ball
2-0: Ball
3-0: Called Strike
3-1: Fly out, F8 (Flyball, 8RD)
Batting: RHB Trevor Holmes 0-0: Ball
1-0: Ball
2-0: SINGLE (Groundball, 56S) (infield hit)
Batting: RHB Ramiro Gonzáles 0-0: Ball
Balk!
Trevor Holmes to second
1-0: Ball
2-0: SINGLE (Groundball, 6MD)
Trevor Holmes to third
Runner from 3rd tries for Home, SAFE, throw made home
Batting: RHB Noe Grohman 0-0: Hit by Pitch
Ramiro Gonzáles to second
Batting: LHB Greg Scroggins 0-0: Foul Ball, location: 2F
0-1: Foul Ball, location: 2F
0-2: Reached via error on a dropped throw, E4
Ramiro Gonzáles to third
Noe Grohman to second
Batting: SHB Bernard Gauthier 0-0: Called Strike
0-1: Ball
1-1: Swinging Strike
1-2: Ball
2-2: Foul Ball, location: 2F
2-2: Foul Ball, location: 2F
2-2: Foul Ball, location: 2F
2-2: Ball
3-2: Ground out 5-3 (Groundball, 56S)
Ramiro Gonzáles scores
Noe Grohman to third
Greg Scroggins to second
Batting: RHB Júlio Morín 0-0: Ball
1-0: Ball
Balk!
Noe Grohman scores
Greg Scroggins to third
2-0: Ball
3-0: Base on Balls
Batting: RHB Amos Bies 0-0: Called Strike
0-1: Ball
1-1: Ball
2-1: Ball
3-1: Called Strike
3-2: Ground out 6-3 (Groundball, 6)
Bottom of the 3rd over - 3 run(s), 2 hit(s), 1 error(s), 2 left on base; Lancaster 0 - Little Caesars 3
TOP OF THE 4TH
Lancaster Farmers batting - Pitching for Little Caesars Hot N Readys : RHP Leif Mayer
Batting: RHB José Alcalá 0-0: Ball
1-0: Fly out, F9 (Flyball, 9)
Batting: RHB Zelmar Barajas 0-0: Called Strike
0-1: Ball
1-1: Fly out, F8 (Flyball, 8LM)
Batting: SHB Alfredo Sánchez 0-0: Ball
1-0: Called Strike
1-1: Ball
2-1: Swinging Strike
2-2: Strikes out swinging
Top of the 4th over - 0 run(s), 0 hit(s), 0 error(s), 0 left on base; Lancaster 0 - Little Caesars 3
BOTTOM OF THE 4TH
Little Caesars Hot N Readys batting - Pitching for Lancaster Farmers : LHP Sergio Zamora
Batting: RHB Levi Tess 0-0: Foul Ball, location: 2F
0-1: Ball
1-1: Swinging Strike
1-2: Foul Ball, location: 2F
1-2: Fly out, F7 (Flyball, 7)
Batting: RHB George St. Clair 0-0: Ground out 1-3 (Groundball, 13S)
Batting: RHB Trevor Holmes 0-0: Ground out 5-3 (Groundball, 5)
Bottom of the 4th over - 0 run(s), 0 hit(s), 0 error(s), 0 left on base; Lancaster 0 - Little Caesars 3
TOP OF THE 5TH
Lancaster Farmers batting - Pitching for Little Caesars Hot N Readys : RHP Leif Mayer
Batting: LHB Gilberto Jiménez 0-0: Ball
1-0: Ball
2-0: Foul Ball, location: 2F
2-1: Foul Ball, location: 2F
2-2: Fly out, F7 (Flyball, 7D)
Batting: RHB António Gonzáles 0-0: Foul Ball, location: 2F
0-1: Called Strike
0-2: Ball
1-2: Ground out 5-3 (Groundball, 5L)
Batting: RHB Roberto Camacho 0-0: Ball
1-0: Ball
2-0: Called Strike
2-1: SINGLE (Groundball, 6MD)
Batting: SHB Janghyun Sam 0-0: Foul Ball, location: 2F
0-1: Ground out U3 (Groundball, 3L)
Top of the 5th over - 0 run(s), 1 hit(s), 0 error(s), 1 left on base; Lancaster 0 - Little Caesars 3
BOTTOM OF THE 5TH
Little Caesars Hot N Readys batting - Pitching for Lancaster Farmers : LHP Sergio Zamora
Batting: RHB Ramiro Gonzáles 0-0: Called Strike
0-1: Fly out, F7 (Flyball, 78S)
Batting: RHB Noe Grohman 0-0: Swinging Strike
0-1: Swinging Strike
0-2: Ground out 4-3 (Groundball, 4)
Batting: LHB Greg Scroggins 0-0: Called Strike
0-1: Foul Ball, location: 2F
0-2: Fly out, F8 (Flyball, 8LS)
Bottom of the 5th over - 0 run(s), 0 hit(s), 0 error(s), 0 left on base; Lancaster 0 - Little Caesars 3
TOP OF THE 6TH
Lancaster Farmers batting - Pitching for Little Caesars Hot N Readys : RHP Leif Mayer
Batting: SHB Sven Spee 0-0: Ball
1-0: Called Strike
1-1: Ball
2-1: Ball
3-1: Swinging Strike
3-2: SINGLE (Groundball, 15S) (infield hit)
Batting: LHB Mark Armstead 0-0: Fly out, F8 (Flyball, 8LM)
Batting: RHB José Alcalá 0-0: Ball
1-0: Ball
2-0: Ball
3-0: Called Strike
3-1: Foul Ball, location: 2F
3-2: Strikes out swinging
Sven Spee steals 2nd base
Batter strikes out.
Batting: RHB Zelmar Barajas 0-0: Ball
1-0: Ball
2-0: Ball
3-0: Called Strike
3-1: Base on Balls
Batting: SHB Alfredo Sánchez 0-0: Ball
1-0: Fielders Choice at 2nd, 4-6 (Groundball, 4)
Top of the 6th over - 0 run(s), 1 hit(s), 0 error(s), 1 left on base; Lancaster 0 - Little Caesars 3
BOTTOM OF THE 6TH
Little Caesars Hot N Readys batting - Pitching for Lancaster Farmers : LHP Sergio Zamora
Batting: SHB Bernard Gauthier 0-0: Foul Ball, location: 2F
0-1: Swinging Strike
0-2: Foul Ball, location: 2F
0-2: Ball
1-2: Ball
2-2: Ball
3-2: Ground out 4-3 (Groundball, 4M)
Batting: RHB Júlio Morín 0-0: Called Strike
0-1: Called Strike
0-2: Ball
1-2: Foul Ball, location: 2F
1-2: Foul Ball, location: 2F
1-2: Ball
2-2: Fly out, F7 (Flyball, 7)
Batting: RHB Amos Bies 0-0: Ball
1-0: Called Strike
1-1: Foul Ball, location: 2F
1-2: Foul Ball, location: 2F
1-2: Strikes out swinging
Bottom of the 6th over - 0 run(s), 0 hit(s), 0 error(s), 0 left on base; Lancaster 0 - Little Caesars 3
TOP OF THE 7TH
Lancaster Farmers batting - Pitching for Little Caesars Hot N Readys : RHP Leif Mayer
Batting: LHB Gilberto Jiménez 0-0: Ground out 4-3 (Groundball, 4)
Batting: RHB António Gonzáles 0-0: Ground out 6-3 (Groundball, 6)
Batting: RHB Roberto Camacho 0-0: Ground out 6-3 (Groundball, 56)
Top of the 7th over - 0 run(s), 0 hit(s), 0 error(s), 0 left on base; Lancaster 0 - Little Caesars 3
BOTTOM OF THE 7TH
Little Caesars Hot N Readys batting - Pitching for Lancaster Farmers : LHP Sergio Zamora
Batting: RHB Levi Tess 0-0: Ball
1-0: Ball
2-0: Ball
3-0: Base on Balls
Batting: RHB George St. Clair 0-0: Ball
1-0: Sac Bunt - play at second, runner OUT! 1-6
Pitching: RHP Santiago López
Batting: RHB Trevor Holmes 0-0: Foul Ball, location: 2F
0-1: Ball
1-1: Ball
2-1: Foul Ball, location: 2F
2-2: Strikes out swinging
George St. Clair steals 2nd base
Batter strikes out.
Batting: RHB Ramiro Gonzáles 0-0: Ball
1-0: Ground out 6-3 (Groundball, 6M)
Bottom of the 7th over - 0 run(s), 0 hit(s), 0 error(s), 1 left on base; Lancaster 0 - Little Caesars 3
TOP OF THE 8TH
Lancaster Farmers batting - Pitching for Little Caesars Hot N Readys : RHP Leif Mayer
Batting: SHB Janghyun Sam 0-0: Ball
1-0: Ball
2-0: Foul Ball, location: 2F
2-1: Ground out 3-1 (Groundball, 3S)
Batting: SHB Sven Spee 0-0: Ground out U3 (Groundball, 3)
Batting: LHB Mark Armstead 0-0: Ground out 3-1 (Groundball, 34S)
Top of the 8th over - 0 run(s), 0 hit(s), 0 error(s), 0 left on base; Lancaster 0 - Little Caesars 3
BOTTOM OF THE 8TH
Little Caesars Hot N Readys batting - Pitching for Lancaster Farmers : RHP Santiago López
Batting: RHB Noe Grohman 0-0: Ground out 6-3 (Groundball, 6)
Batting: LHB Greg Scroggins 0-0: Ball
1-0: Foul Ball, location: 2F
1-1: Ball
2-1: Swinging Strike
2-2: Strikes out swinging, 2-3 out at first.
Batting: SHB Bernard Gauthier 0-0: Foul Ball, location: 2F
0-1: Ball
1-1: Foul Ball, location: 2F
1-2: Ball
2-2: Ball
3-2: Strikes out swinging
Bottom of the 8th over - 0 run(s), 0 hit(s), 0 error(s), 0 left on base; Lancaster 0 - Little Caesars 3
TOP OF THE 9TH
Lancaster Farmers batting - Pitching for Little Caesars Hot N Readys : RHP Leif Mayer
Batting: RHB José Alcalá 0-0: Ball
1-0: Ball
2-0: Fly out, F9 (Flyball, 9LM)
Batting: RHB Zelmar Barajas 0-0: Ball
1-0: Ball
2-0: Ball
3-0: Base on Balls
Batting: SHB Alfredo Sánchez 0-0: Ball
1-0: Ball
2-0: Called Strike
2-1: Foul Ball, location: 2F
2-2: SINGLE (Line Drive, 78M)
Zelmar Barajas to second
Pitching: RHP Noah Shellenbarger
Batting: LHB Gilberto Jiménez 0-0: Called Strike
0-1: Ball
1-1: Fly out, F2 (Popup, 23)
Pinch Hitting: LHB Arturo Gonzáles 0-0: Called Strike
0-1: Swinging Strike
0-2: Ball
1-2: Strikes out swinging
Top of the 9th over - 0 run(s), 1 hit(s), 0 error(s), 2 left on base; Lancaster 0 - Little Caesars 3
Saturday, May 26th, 2018 - OOTP Baseball 17.12 Build 75